Diables vs Tamiflu
Created - 6 octobre 2015 at 19:10
Goals
|
| Diables |
2 |
2 |
2 |
6 |
| Tamiflu |
0 |
1 |
3 |
4 |
|
Shots
|
| Diables |
18 |
12 |
11 |
41 |
| Tamiflu |
17 |
4 |
18 |
39 |
|
1st period
1. Diables , Jamie Arniel 1 (Tomas Kubalik, Dustin Kohn) at 0:58
2. Diables , Kellan Lain 2 (Steve Quailer, Matt Jones) at 9:50
Penalties :
No Penalty
2nd period
3. Diables , Brett Maclean 1 (Damien Brunner) at 6:36
4. Diables , J.T. Brown 1 (Taylor Beck, Jamie Arniel) at 9:22
5. Tamiflu , Colin Greening 1 (Jordan Hendry, Jonathan Sigalet) at 19:56
Penalties :
Ben Hanowski (Det) for Roughing (Minor) at 3:32, Petr Pohl (Det) for Slashing (Double Minor) at 9:27, Philip Samuelsson (Det) for Slashing (Minor) at 15:59
3rd period
6. Tamiflu , Nino Niederreiter 1 (Adam Henrique) at 5:16
7. Diables , Damien Brunner 1 (Tyler Bozak, Brett Maclean) at 8:08
8. Tamiflu , Colin Greening 2 (Jordan Hendry, Ben Hanowski) at 13:47
9. Tamiflu , Petr Pohl 2 (Jan Mursak, Greg Mauldin) at 15:06 (PP)
10. Diables , Steve Quailer 1 (Kellan Lain) at 19:20 (Empty Net)
Penalties :
Josh Meyers (Alm) for Holding (Minor) at 14:49
Goalie Stats
Allen York (Alm), 35 saves from 39 shots - (0,897), W, 1-1-0, 60:00 minutes
Mike McKenna (Det), 35 saves from 40 shots - (0,875), L, 0-1-0, 59:44 minutes
Players Stats for Diables
Player Name G A P +/- PIM S H SB GA TA FO MP PP MP PK MP
------------------------------------------------------------------------------------
Brett Maclean 1 1 2 1 0 6 1 0 1 0 2/2 20:09 3:29 0:17
Brian Dumoulin 0 0 0 1 0 2 0 1 0 1 0/0 11:57 0:00 0:00
Damien Brunner 1 1 2 1 0 3 2 0 0 1 4/5 20:10 3:38 0:00
Dustin Kohn 0 1 1 -1 0 2 0 0 0 0 0/0 23:22 4:21 0:17
J.T. Brown 1 0 1 1 0 4 1 1 0 0 0/1 10:02 0:27 0:00
Jamie Arniel 1 1 2 1 0 1 1 0 0 0 3/5 12:31 1:01 0:00
Josh Meyers 0 0 0 1 2 2 3 0 0 1 0/0 12:36 0:36 0:00
Kellan Lain 1 1 2 0 0 4 0 0 1 0 7/11 17:42 3:24 0:00
Louis Leblanc 0 0 0 1 0 0 1 0 0 0 3/4 9:42 0:07 0:00
Lukas Krajicek 0 0 0 0 0 0 4 1 0 0 0/0 27:47 4:21 0:17
Marc-André Bourdon 0 0 0 1 0 0 0 0 0 0 0/0 4:53 0:00 0:00
Matt Jones 0 1 1 2 0 1 1 0 0 1 0/0 19:42 3:18 0:00
Patrick Maroon 0 0 0 1 0 1 1 0 0 1 0/0 11:18 0:00 0:00
Pavel Valentenko 0 0 0 2 0 1 0 2 0 0 0/0 19:42 3:18 0:00
Pierre-Cédric Labrie 0 0 0 0 0 2 2 0 1 0 1/2 17:45 3:24 0:00
Steve Quailer 1 1 2 0 0 6 0 0 0 0 1/2 17:42 3:24 0:00
Taylor Beck 0 1 1 1 0 1 1 0 1 0 0/0 9:57 0:21 0:00
Tomas Kubalik 0 1 1 1 0 3 1 0 0 0 0/0 12:26 0:57 0:00
Tyler Bozak 0 1 1 1 0 2 2 1 0 0 19/34 20:19 3:39 0:17
Players Stats for Tamiflu
Player Name G A P +/- PIM S H SB GA TA FO MP PP MP PK MP
------------------------------------------------------------------------------------
Adam Henrique 0 1 1 -1 0 2 0 0 0 0 10/20 17:19 0:00 3:40
Ben Hanowski 0 1 1 -1 2 3 0 1 0 0 0/0 12:46 0:00 0:00
Casey Wellman 0 0 0 -1 0 0 0 0 0 0 3/4 9:12 0:00 1:28
Colin Greening 2 0 2 -1 0 3 3 1 0 1 0/5 15:22 0:00 3:03
Garrett Wilson 0 0 0 -1 0 3 1 1 0 0 1/1 15:07 0:00 2:39
Greg Mauldin 0 1 1 0 0 3 1 2 0 1 9/30 21:38 0:17 3:26
Jan Mursak 0 1 1 0 0 1 2 0 0 1 0/2 18:00 0:17 0:00
Jerome Gauthier-Leduc 0 0 0 -1 0 0 0 0 0 0 0/0 11:53 0:00 0:59
Jonathan Sigalet 0 1 1 -1 0 0 1 1 2 1 0/0 28:49 0:00 4:38
Jordan Hendry 0 2 2 -1 0 2 0 3 1 0 0/0 28:49 0:00 4:38
Justin Braun 0 0 0 -1 0 2 1 2 1 0 0/0 20:07 0:17 3:09
Mattias Tedenby 0 0 0 -1 0 1 0 0 0 0 0/0 7:33 0:00 0:00
Mike Duco 0 0 0 -1 0 0 1 0 0 0 1/1 8:54 0:00 1:21
Nino Niederreiter 1 0 1 -1 0 5 3 0 0 0 0/0 13:39 0:00 0:00
Petr Pohl 1 0 1 0 4 10 2 0 1 0 1/2 18:01 0:17 0:00
Philip Samuelsson 0 0 0 -1 2 0 0 5 0 0 0/0 19:28 0:17 2:20
Rich Clune 0 0 0 -1 0 1 0 0 0 0 1/1 14:19 0:00 0:17
Zach Trotman 0 0 0 -1 0 3 0 0 0 0 0/0 11:04 0:00 0:10
3 Stars
1 - Colin Greening (Det)
2 - Damien Brunner (Alm)
3 - Brett Maclean (Alm)
Power Play
Diables - 0 on 4 Attempt(s) - 0,00%
Tamiflu - 1 on 1 Attempt(s) - 100,00%
Penalty Kill
Diables - 0 on 1 Attempt(s) - 0,00%
- Score 0 goal in Penalty Kill
Tamiflu - 4 on 4 Attempt(s) - 100,00%
- Score 0 goal in Penalty Kill
Team Stat
Diables - Hits : 21 - Faceoff Wins : 40 - Blocked Shots : 6 - Penalty Minutes : 2
Tamiflu - Hits : 15 - Faceoff Wins : 26 - Blocked Shots : 16 - Penalty Minutes : 8
Official
Referees : LaRue Dennis and Walkom Stephen
Linesman : Brian Mach and Tim Nowak
Game Notes
Steve Quailer has scored in a empty net!
Finance
Level 1 -- Attendance: 1449 (72,45%) -- Ticket Income 43 470 $
Level 2 -- Attendance: 697 (69,70%) -- Ticket Income 8 364 $
Total Attendance: 2146 (71,53%)
Total Ticket Income: 51 834 $
Other Income: 2 592 $
Total Income: 54 426 $
Diables
5 vs 5 Forward
Center Left Wing Right Wing Time % Phy DF OF
1 Tyler Bozak Brett Maclean Damien Brunner 40 1 2 2
2 Kellan Lain Pierre-Cédric Labrie Steve Quailer 30 1 2 2
3 Jamie Arniel Patrick Maroon Tomas Kubalik 20 1 2 2
4 Louis Leblanc Taylor Beck J.T. Brown 10 1 2 2
5 vs 5 Defense
Defense Defense Time % Phy DF OF
1 Lukas Krajicek Dustin Kohn 40 1 2 2
2 Matt Jones Pavel Valentenko 30 1 2 2
3 Josh Meyers Brian Dumoulin 20 1 2 2
4 Marc-André Bourdon Lukas Krajicek 10 1 2 2
PowerPlay Forward
Center Left Wing Right Wing Time % Phy DF OF
1 Tyler Bozak Brett Maclean Damien Brunner 60 1 2 2
2 Kellan Lain Pierre-Cédric Labrie Steve Quailer 40 1 2 2
PowerPlay Defense
Defense Defense Time % Phy DF OF
1 Lukas Krajicek Dustin Kohn 60 1 2 2
2 Matt Jones Pavel Valentenko 40 1 2 2
Penalty Kill 4 Players Forward
Center Wing Time % Phy DF OF
1 Brett Maclean Tyler Bozak 60 1 2 2
2 Damien Brunner Kellan Lain 40 1 2 2
Penalty Kill 4 Players Defense
Defense Defense Time % Phy DF OF
1 Lukas Krajicek Dustin Kohn 60 1 2 2
2 Matt Jones Pavel Valentenko 40 1 2 2
Penalty Kill - 3 Players Forward
Forward Time % Phy DF OF
1 Brett Maclean 60 1 2 2
2 Tyler Bozak 40 1 2 2
Penalty Kill - 3 Players Defense
Defense Defense Time % Phy DF OF
1 Lukas Krajicek Dustin Kohn 60 1 2 2
2 Matt Jones Pavel Valentenko 40 1 2 2
4 vs 4 Forward
Center Wing Time % Phy DF OF
1 Brett Maclean Tyler Bozak 60 1 2 2
2 Damien Brunner Kellan Lain 40 1 2 2
4 vs 4 Defense
Defense Defense Time % Phy DF OF
1 Lukas Krajicek Dustin Kohn 60 1 2 2
2 Matt Jones Pavel Valentenko 40 1 2 2
Last Minutes Offensive
Center Left Wing Right Wing Defense Defense
Tyler Bozak Brett Maclean Damien Brunner Lukas Krajicek Dustin Kohn
Last Minutes Defensive
Center Left Wing Right Wing Defense Defense
Tyler Bozak Brett Maclean Damien Brunner Lukas Krajicek Dustin Kohn
Goaltenders
Starting : Allen York
Backup : Jean-Francois Berube
Extra Forwards
Normal : Jamie Arniel, Tomas Kubalik, Patrick Maroon - PP : Jamie Arniel, Tomas Kubalik - PK : Patrick Maroon
Extra Defensemen
Normal : Josh Meyers, Brian Dumoulin, Marc-André Bourdon - PP : Josh Meyers - PK : Brian Dumoulin, Marc-André Bourdon
Penalty Shots
Brett Maclean, Tyler Bozak, Damien Brunner, Kellan Lain, Jamie Arniel
Tamiflu
5 vs 5 Forward
Center Left Wing Right Wing Time % Phy DF OF
1 Greg Mauldin Jan Mursak Petr Pohl 40 1 1 3
2 Adam Henrique Rich Clune Nino Niederreiter 30 1 1 3
3 Colin Greening Garrett Wilson Ben Hanowski 20 2 2 1
4 Casey Wellman Mike Duco Mattias Tedenby 10 1 3 1
5 vs 5 Defense
Defense Defense Time % Phy DF OF
1 Jonathan Sigalet Jordan Hendry 40 1 2 2
2 Philip Samuelsson Justin Braun 30 1 2 2
3 Zach Trotman Jerome Gauthier-Leduc 20 1 2 2
4 Jonathan Sigalet Jordan Hendry 10 1 2 2
PowerPlay Forward
Center Left Wing Right Wing Time % Phy DF OF
1 Greg Mauldin Jan Mursak Petr Pohl 60 1 2 2
2 Adam Henrique Rich Clune Nino Niederreiter 40 1 2 2
PowerPlay Defense
Defense Defense Time % Phy DF OF
1 Jonathan Sigalet Jordan Hendry 60 1 2 2
2 Philip Samuelsson Justin Braun 40 1 2 2
Penalty Kill 4 Players Forward
Center Wing Time % Phy DF OF
1 Greg Mauldin Adam Henrique 60 1 2 2
2 Adam Henrique Mike Duco 40 1 2 2
Penalty Kill 4 Players Defense
Defense Defense Time % Phy DF OF
1 Jonathan Sigalet Jordan Hendry 60 1 2 2
2 Philip Samuelsson Justin Braun 40 1 2 2
Penalty Kill - 3 Players Forward
Forward Time % Phy DF OF
1 Greg Mauldin 60 1 2 2
2 Adam Henrique 40 1 2 2
Penalty Kill - 3 Players Defense
Defense Defense Time % Phy DF OF
1 Jonathan Sigalet Jordan Hendry 60 1 2 2
2 Philip Samuelsson Justin Braun 40 1 2 2
4 vs 4 Forward
Center Wing Time % Phy DF OF
1 Greg Mauldin Adam Henrique 60 1 2 2
2 Adam Henrique Nino Niederreiter 40 1 2 2
4 vs 4 Defense
Defense Defense Time % Phy DF OF
1 Jonathan Sigalet Jordan Hendry 60 1 2 2
2 Philip Samuelsson Justin Braun 40 1 2 2
Last Minutes Offensive
Center Left Wing Right Wing Defense Defense
Greg Mauldin Jan Mursak Petr Pohl Jonathan Sigalet Jordan Hendry
Last Minutes Defensive
Center Left Wing Right Wing Defense Defense
Greg Mauldin Jan Mursak Petr Pohl Jonathan Sigalet Jordan Hendry
Goaltenders
Starting : Mike McKenna
Backup : Thomas Greiss
Extra Forwards
Normal : Ben Hanowski, Mattias Tedenby, Colin Greening - PP : Ben Hanowski, Mattias Tedenby - PK : Colin Greening
Extra Defensemen
Normal : Zach Trotman, Jerome Gauthier-Leduc, Philip Samuelsson - PP : Zach Trotman - PK : Jerome Gauthier-Leduc, Philip Samuelsson
Penalty Shots
Greg Mauldin, Adam Henrique, Petr Pohl, Nino Niederreiter, Ben Hanowski
% Time on Ice - Diables
Lines # - Real PCT - Wanted PCT - Time Play
Normal Forward
1 - 32% - 40% - 16:32
2 - 28% - 30% - 14:21
3 - 22% - 20% - 11:18
4 - 19% - 10% - 9:35
Normal Defense
1 - 36% - 40% - 18:44
2 - 32% - 30% - 16:24
3 - 23% - 20% - 11:45
4 - 9% - 10% - 4:53
PP Forward
1 - 57% - 60% - 4:33
2 - 43% - 40% - 3:24
PP Defense
1 - 58% - 60% - 4:39
2 - 42% - 40% - 3:18
PK Forward
1 - 100% - 60% - 0:17
2 - 0% - 40% - 0:00
PK Defense
1 - 100% - 60% - 0:17
2 - 0% - 40% - 0:00
PK3 Forward
1 - 0% - 60%
2 - 0% - 40%
PK3 Defense
1 - 0% - 60%
2 - 0% - 40%
44 Forward
1 - 0% - 60%
2 - 0% - 40%
44 Defense
1 - 0% - 60%
2 - 0% - 40%
Last Minute Offensive - 0:00
Last Minute Defensive - 0:00
Total
Forward - 60:00
Defense - 60:00
|
% Time on Ice - Tamiflu
Lines # - Real PCT - Wanted PCT - Time Play
Normal Forward
1 - 35% - 40% - 18:17
2 - 26% - 30% - 13:39
3 - 24% - 20% - 12:17
4 - 15% - 10% - 7:33
Normal Defense
1 - 40% - 40% - 20:38
2 - 32% - 30% - 16:41
3 - 21% - 20% - 10:52
4 - 7% - 10% - 3:35
PP Forward
1 - 100% - 60% - 0:17
2 - 0% - 40% - 0:00
PP Defense
1 - 0% - 60% - 0:00
2 - 100% - 40% - 0:17
PK Forward
1 - 83% - 60% - 6:36
2 - 17% - 40% - 1:21
PK Defense
1 - 60% - 60% - 4:48
2 - 40% - 40% - 3:09
PK3 Forward
1 - 0% - 60%
2 - 0% - 40%
PK3 Defense
1 - 0% - 60%
2 - 0% - 40%
44 Forward
1 - 0% - 60%
2 - 0% - 40%
44 Defense
1 - 0% - 60%
2 - 0% - 40%
Last Minute Offensive - 0:00
Last Minute Defensive - 0:00
Total
Forward - 60:00
Defense - 60:00
|
Play by Play
1st period
0:01 of 1st period - Damien Brunner wins face-off versus Greg Mauldin in neutral zone.
0:46 of 1st period - Snap shot by Steve Quailer.
0:46 of 1st period - Shot Blocked by Philip Samuelsson.
0:48 of 1st period - Slapshot by Patrick Maroon.
0:48 of 1st period - Shot Blocked by Philip Samuelsson.
0:50 of 1st period - Snap shot by Patrick Maroon.
0:50 of 1st period - Stopped by Mike McKenna with a rebound.
0:52 of 1st period - Slapshot by Lukas Krajicek.
0:52 of 1st period - Shot Blocked by Justin Braun.
0:56 of 1st period - Wrist shot by Tomas Kubalik.
0:56 of 1st period - Stopped by Mike McKenna with a rebound.
0:58 of 1st period - Snap shot by Jamie Arniel.
0:58 of 1st period - Goal by Jamie Arniel - Diables : 1 - Tamiflu : 0.
0:59 of 1st period - Mike Duco wins face-off versus J.T. Brown in neutral zone.
1:10 of 1st period - Backhand shot by Mattias Tedenby.
1:10 of 1st period - Stopped by Allen York with a rebound.
1:12 of 1st period - Snap shot by Casey Wellman.
1:12 of 1st period - Deflect By Mattias Tedenby.
1:12 of 1st period - Shot Misses the Net.
1:12 of 1st period - Puck is out of play.
1:13 of 1st period - Greg Mauldin wins face-off versus Tyler Bozak in Diables zone.
1:25 of 1st period - Slapshot by Jordan Hendry.
1:25 of 1st period - Stopped by Allen York without a rebound.
1:26 of 1st period - Adam Henrique wins face-off versus Steve Quailer in Diables zone.
1:31 of 1st period - Slapshot by Nino Niederreiter.
1:31 of 1st period - Stopped by Allen York without a rebound.
1:32 of 1st period - Pierre-Cédric Labrie wins face-off versus Adam Henrique in Diables zone.
1:36 of 1st period - Matt Jones is hit by Justin Braun and loses puck.
2:01 of 1st period - Pavel Valentenko is hit by Jan Mursak and loses puck.
2:47 of 1st period - Zach Trotman is hit by Josh Meyers and loses puck.
3:20 of 1st period - Snap shot by Tyler Bozak.
3:20 of 1st period - Shot Misses the Net.
3:22 of 1st period - Snap shot by Tyler Bozak.
3:22 of 1st period - Shot Blocked by Jordan Hendry.
3:24 of 1st period - Slapshot by Brian Dumoulin.
3:24 of 1st period - Stopped by Mike McKenna without a rebound.
3:25 of 1st period - Tyler Bozak wins face-off versus Greg Mauldin in Tamiflu zone.
3:30 of 1st period - Wrist shot by Brett Maclean.
3:30 of 1st period - Shot Misses the Net.
4:18 of 1st period - Wrist shot by Steve Quailer.
4:18 of 1st period - Stopped by Mike McKenna without a rebound.
4:19 of 1st period - Kellan Lain wins face-off versus Jan Mursak in Tamiflu zone.
4:44 of 1st period - Justin Braun is hit by Pierre-Cédric Labrie and loses puck.
5:08 of 1st period - Off-side.
5:09 of 1st period - Adam Henrique wins face-off versus Tyler Bozak in neutral zone.
5:11 of 1st period - Off-side.
5:12 of 1st period - Tyler Bozak wins face-off versus Adam Henrique in neutral zone.
5:15 of 1st period - Wrist shot by Damien Brunner.
5:15 of 1st period - Deflect By Tyler Bozak.
5:15 of 1st period - Shot Misses the Net.
5:15 of 1st period - Puck is out of play.
5:16 of 1st period - Tyler Bozak wins face-off versus Adam Henrique in Tamiflu zone.
5:25 of 1st period - Snap shot by Tyler Bozak.
5:25 of 1st period - Shot Blocked by Jordan Hendry.
5:31 of 1st period - Wrist shot by Damien Brunner.
5:31 of 1st period - Shot Blocked by Jonathan Sigalet.
6:45 of 1st period - Icing by Pavel Valentenko.
6:46 of 1st period - Adam Henrique wins face-off versus Tyler Bozak in Diables zone.
7:23 of 1st period - Snap shot by Kellan Lain.
7:23 of 1st period - Stopped by Mike McKenna without a rebound.
7:24 of 1st period - Jamie Arniel wins face-off versus Colin Greening in Tamiflu zone.
7:35 of 1st period - Wrist shot by Tomas Kubalik.
7:35 of 1st period - Shot Misses the Net.
8:12 of 1st period - Rich Clune is hit by Damien Brunner and loses puck.
8:17 of 1st period - Wrist shot by Damien Brunner.
8:17 of 1st period - Stopped by Mike McKenna with a rebound.
8:19 of 1st period - Slapshot by Marc-André Bourdon.
8:19 of 1st period - Shot Hit the Post.
8:21 of 1st period - Snap shot by Brett Maclean.
8:21 of 1st period - Shot Misses the Net.
8:33 of 1st period - Wrist shot by Tomas Kubalik.
8:33 of 1st period - Stopped by Mike McKenna with a rebound.
8:45 of 1st period - Slapshot by Nino Niederreiter.
8:45 of 1st period - Stopped by Allen York with a rebound.
8:47 of 1st period - Snap shot by Rich Clune.
8:47 of 1st period - Shot Misses the Net.
8:49 of 1st period - Snap shot by Nino Niederreiter.
8:49 of 1st period - Shot Misses the Net.
8:51 of 1st period - Wrist shot by Zach Trotman.
8:51 of 1st period - Stopped by Allen York with a rebound.
8:53 of 1st period - Backhand shot by Zach Trotman.
8:53 of 1st period - Deflect By Adam Henrique.
8:53 of 1st period - Stopped by Allen York with a rebound.
8:55 of 1st period - Slapshot by Zach Trotman.
8:55 of 1st period - Stopped by Allen York with a rebound.
8:57 of 1st period - Slapshot by Jerome Gauthier-Leduc.
8:57 of 1st period - Shot Misses the Net.
9:01 of 1st period - Snap shot by Adam Henrique.
9:01 of 1st period - Shot Misses the Net.
9:11 of 1st period - Slapshot by Adam Henrique.
9:11 of 1st period - Deflect By Rich Clune.
9:11 of 1st period - Stopped by Allen York without a rebound.
9:12 of 1st period - Greg Mauldin wins face-off versus Tyler Bozak in Diables zone.
9:15 of 1st period - Wrist shot by Petr Pohl.
9:15 of 1st period - Stopped by Allen York without a rebound.
9:16 of 1st period - Greg Mauldin wins face-off versus Tyler Bozak in Diables zone.
9:50 of 1st period - Snap shot by Kellan Lain.
9:50 of 1st period - Goal by Kellan Lain - Diables : 2 - Tamiflu : 0.
9:51 of 1st period - Greg Mauldin wins face-off versus Tyler Bozak in neutral zone.
9:56 of 1st period - Slapshot by Greg Mauldin.
9:56 of 1st period - Deflect By Petr Pohl.
9:56 of 1st period - Stopped by Allen York with a rebound.
10:02 of 1st period - Wrist shot by Greg Mauldin.
10:02 of 1st period - Stopped by Allen York with a rebound.
10:16 of 1st period - Lukas Krajicek is hit by Mike Duco and loses puck.
10:32 of 1st period - Icing by Lukas Krajicek.
10:33 of 1st period - Louis Leblanc wins face-off versus Colin Greening in Diables zone.
10:44 of 1st period - Slapshot by Dustin Kohn.
10:44 of 1st period - Stopped by Mike McKenna with a rebound.
10:46 of 1st period - Wrist shot by J.T. Brown.
10:46 of 1st period - Stopped by Mike McKenna without a rebound.
10:47 of 1st period - Tyler Bozak wins face-off versus Greg Mauldin in Tamiflu zone.
10:48 of 1st period - Wrist shot by Brett Maclean.
10:48 of 1st period - Stopped by Mike McKenna without a rebound.
10:49 of 1st period - Damien Brunner wins face-off versus Greg Mauldin in Tamiflu zone.
10:57 of 1st period - Slapshot by Jordan Hendry.
10:57 of 1st period - Shot Misses the Net.
11:21 of 1st period - Snap shot by Kellan Lain.
11:21 of 1st period - Stopped by Mike McKenna with a rebound.
11:23 of 1st period - Snap shot by Pierre-Cédric Labrie.
11:23 of 1st period - Shot Misses the Net.
11:25 of 1st period - Snap shot by Steve Quailer.
11:25 of 1st period - Stopped by Mike McKenna without a rebound.
11:26 of 1st period - Louis Leblanc wins face-off versus Colin Greening in Tamiflu zone.
11:51 of 1st period - Wrist shot by Adam Henrique.
11:51 of 1st period - Shot Blocked by Lukas Krajicek.
11:53 of 1st period - Wrist shot by Nino Niederreiter.
11:53 of 1st period - Stopped by Allen York without a rebound.
11:54 of 1st period - Adam Henrique wins face-off versus Tyler Bozak in Diables zone.
13:21 of 1st period - Lukas Krajicek is hit by Jonathan Sigalet and loses puck.
13:58 of 1st period - Wrist shot by J.T. Brown.
13:58 of 1st period - Stopped by Mike McKenna without a rebound.
13:59 of 1st period - Tyler Bozak wins face-off versus Greg Mauldin in Tamiflu zone.
14:03 of 1st period - Slapshot by Josh Meyers.
14:03 of 1st period - Stopped by Mike McKenna with a rebound.
14:05 of 1st period - Wrist shot by Brian Dumoulin.
14:05 of 1st period - Shot Misses the Net.
14:07 of 1st period - Snap shot by Tyler Bozak.
14:07 of 1st period - Deflect By Brett Maclean.
14:07 of 1st period - Stopped by Mike McKenna without a rebound.
14:08 of 1st period - Tyler Bozak wins face-off versus Greg Mauldin in Tamiflu zone.
14:11 of 1st period - Snap shot by Brett Maclean.
14:11 of 1st period - Deflect By Tyler Bozak.
14:11 of 1st period - Shot Blocked by Philip Samuelsson.
14:11 of 1st period - Puck is out of play.
14:12 of 1st period - Tyler Bozak wins face-off versus Greg Mauldin in Tamiflu zone.
14:29 of 1st period - Brett Maclean is hit by Petr Pohl.
14:39 of 1st period - Justin Braun is hit by Pierre-Cédric Labrie and loses puck.
15:31 of 1st period - Jonathan Sigalet is hit by Matt Jones and loses puck.
15:50 of 1st period - Snap shot by Petr Pohl.
15:50 of 1st period - Stopped by Allen York with a rebound.
15:52 of 1st period - Slapshot by Philip Samuelsson.
15:52 of 1st period - Deflect By Petr Pohl.
15:52 of 1st period - Shot Blocked by Pavel Valentenko.
15:52 of 1st period - Puck is out of play.
15:53 of 1st period - Tyler Bozak wins face-off versus Jan Mursak in Diables zone.
16:12 of 1st period - Tyler Bozak is hit by Jan Mursak and loses puck.
16:25 of 1st period - Wrist shot by Adam Henrique.
16:25 of 1st period - Shot Misses the Net.
16:27 of 1st period - Snap shot by Adam Henrique.
16:27 of 1st period - Stopped by Allen York with a rebound.
16:29 of 1st period - Wrist shot by Rich Clune.
16:29 of 1st period - Shot Misses the Net.
17:31 of 1st period - Philip Samuelsson is hit by Tyler Bozak.
17:39 of 1st period - Snap shot by Ben Hanowski.
17:39 of 1st period - Stopped by Allen York with a rebound.
17:41 of 1st period - Snap shot by Garrett Wilson.
17:41 of 1st period - Stopped by Allen York with a rebound.
17:53 of 1st period - Snap shot by Kellan Lain.
17:53 of 1st period - Shot Misses the Net.
17:55 of 1st period - Snap shot by Pierre-Cédric Labrie.
17:55 of 1st period - Shot Blocked by Greg Mauldin.
18:13 of 1st period - Icing by Steve Quailer.
18:14 of 1st period - Adam Henrique wins face-off versus Kellan Lain in Diables zone.
18:33 of 1st period - Slapshot by Steve Quailer.
18:33 of 1st period - Stopped by Mike McKenna without a rebound.
18:34 of 1st period - Greg Mauldin wins face-off versus Tyler Bozak in Tamiflu zone.
18:49 of 1st period - Tyler Bozak is hit by Petr Pohl and loses puck.
19:21 of 1st period - Snap shot by Ben Hanowski.
19:21 of 1st period - Deflect By Colin Greening.
19:21 of 1st period - Stopped by Allen York with a rebound.
19:23 of 1st period - Slapshot by Jonathan Sigalet.
19:23 of 1st period - Shot Misses the Net.
19:25 of 1st period - Snap shot by Garrett Wilson.
19:25 of 1st period - Shot Misses the Net.
Goals for this period are 2 for Diables vs 0 for Tamiflu.
Shots for this period are 18 for Diables vs 17 for Tamiflu.
2nd period
0:01 of 2nd period - Tyler Bozak wins face-off versus Greg Mauldin in neutral zone.
0:08 of 2nd period - Slapshot by Damien Brunner.
0:08 of 2nd period - Stopped by Mike McKenna without a rebound.
0:09 of 2nd period - Damien Brunner wins face-off versus Petr Pohl in Tamiflu zone.
0:20 of 2nd period - Wrist shot by Brett Maclean.
0:20 of 2nd period - Stopped by Mike McKenna with a rebound.
1:05 of 2nd period - Petr Pohl is hit by Brett Maclean and loses puck.
1:16 of 2nd period - Wrist shot by Damien Brunner.
1:16 of 2nd period - Shot Blocked by Greg Mauldin.
1:55 of 2nd period - Snap shot by Greg Mauldin.
1:55 of 2nd period - Stopped by Allen York without a rebound.
1:56 of 2nd period - Adam Henrique wins face-off versus Kellan Lain in Diables zone.
2:01 of 2nd period - Slapshot by Adam Henrique.
2:01 of 2nd period - Shot Misses the Net.
2:44 of 2nd period - Wrist shot by J.T. Brown.
2:44 of 2nd period - Shot Misses the Net.
2:48 of 2nd period - Snap shot by J.T. Brown.
2:48 of 2nd period - Stopped by Mike McKenna without a rebound.
2:49 of 2nd period - Kellan Lain wins face-off versus Adam Henrique in Tamiflu zone.
3:32 of 2nd period - Minor Penalty to Ben Hanowski for Roughing.
3:33 of 2nd period - Greg Mauldin wins face-off versus Pierre-Cédric Labrie in Tamiflu zone.
5:32 of 2nd period - Penalty to Ben Hanowski is over, Ben Hanowski is back on ice.
5:48 of 2nd period - Snap shot by Taylor Beck.
5:48 of 2nd period - Stopped by Mike McKenna with a rebound.
6:00 of 2nd period - Icing by Jonathan Sigalet.
6:01 of 2nd period - Jamie Arniel wins face-off versus Casey Wellman in Tamiflu zone.
6:20 of 2nd period - Mike Duco is hit by Tomas Kubalik and loses puck.
6:24 of 2nd period - Icing by Philip Samuelsson.
6:25 of 2nd period - Casey Wellman wins face-off versus Tyler Bozak in Tamiflu zone.
6:34 of 2nd period - Snap shot by Brett Maclean.
6:34 of 2nd period - Stopped by Mike McKenna with a rebound.
6:36 of 2nd period - Snap shot by Brett Maclean.
6:36 of 2nd period - Goal by Brett Maclean - Diables : 3 - Tamiflu : 0.
6:37 of 2nd period - Adam Henrique wins face-off versus Tyler Bozak in neutral zone.
7:46 of 2nd period - Icing by Justin Braun.
7:47 of 2nd period - Casey Wellman wins face-off versus Louis Leblanc in Tamiflu zone.
8:02 of 2nd period - Matt Jones is hit by Nino Niederreiter and loses puck.
8:22 of 2nd period - Snap shot by Brett Maclean.
8:22 of 2nd period - Stopped by Mike McKenna with a rebound.
8:24 of 2nd period - Slapshot by Pavel Valentenko.
8:24 of 2nd period - Shot Blocked by Philip Samuelsson.
9:22 of 2nd period - Slapshot by J.T. Brown.
9:22 of 2nd period - Goal by J.T. Brown - Diables : 4 - Tamiflu : 0.
9:23 of 2nd period - Greg Mauldin wins face-off versus Tyler Bozak in neutral zone.
9:27 of 2nd period - Double Minor Penalty to Petr Pohl for Slashing.
9:28 of 2nd period - Tyler Bozak wins face-off versus Greg Mauldin in Tamiflu zone.
10:01 of 2nd period - Wrist shot by Pierre-Cédric Labrie.
10:01 of 2nd period - Stopped by Mike McKenna with a rebound.
10:03 of 2nd period - Snap shot by Kellan Lain.
10:03 of 2nd period - Shot Misses the Net.
10:14 of 2nd period - Icing by Damien Brunner.
10:15 of 2nd period - Tyler Bozak wins face-off versus Colin Greening in Diables zone.
10:24 of 2nd period - Slapshot by Matt Jones.
10:24 of 2nd period - Shot Misses the Net.
12:24 of 2nd period - Wrist shot by J.T. Brown.
12:24 of 2nd period - Shot Misses the Net.
12:26 of 2nd period - Snap shot by J.T. Brown.
12:26 of 2nd period - Shot Hit the Post.
12:28 of 2nd period - Slapshot by Matt Jones.
12:28 of 2nd period - Stopped by Mike McKenna with a rebound.
13:27 of 2nd period - Penalty to Petr Pohl is over, Petr Pohl is back on ice.
14:06 of 2nd period - Jamie Arniel is hit by Greg Mauldin and loses puck.
14:23 of 2nd period - Marc-André Bourdon is hit by Garrett Wilson.
15:08 of 2nd period - Icing by Jamie Arniel.
15:09 of 2nd period - Casey Wellman wins face-off versus Jamie Arniel in Diables zone.
15:32 of 2nd period - Icing by Garrett Wilson.
15:33 of 2nd period - Brett Maclean wins face-off versus Colin Greening in Tamiflu zone.
15:34 of 2nd period - Snap shot by Tyler Bozak.
15:34 of 2nd period - Shot Misses the Net.
15:36 of 2nd period - Slapshot by Dustin Kohn.
15:36 of 2nd period - Shot Hit the Post.
15:38 of 2nd period - Slapshot by Lukas Krajicek.
15:38 of 2nd period - Deflect By Tyler Bozak.
15:38 of 2nd period - Stopped by Mike McKenna with a rebound.
15:59 of 2nd period - Minor Penalty to Philip Samuelsson for Slashing.
16:00 of 2nd period - Tyler Bozak wins face-off versus Greg Mauldin in Tamiflu zone.
16:05 of 2nd period - Slapshot by Brett Maclean.
16:05 of 2nd period - Shot Misses the Net.
16:35 of 2nd period - Snap shot by Kellan Lain.
16:35 of 2nd period - Stopped by Mike McKenna with a rebound.
16:59 of 2nd period - Pavel Valentenko is hit by Colin Greening and loses puck.
17:16 of 2nd period - Lukas Krajicek is hit by Colin Greening and loses puck.
17:59 of 2nd period - Penalty to Philip Samuelsson is over, Philip Samuelsson is back on ice.
18:02 of 2nd period - Casey Wellman is hit by Lukas Krajicek and loses puck.
18:26 of 2nd period - Off-side.
18:27 of 2nd period - Jamie Arniel wins face-off versus Adam Henrique in neutral zone.
18:32 of 2nd period - Slapshot by Patrick Maroon.
18:32 of 2nd period - Shot Misses the Net.
18:50 of 2nd period - Zach Trotman is hit by Louis Leblanc and loses puck.
19:15 of 2nd period - Wrist shot by Ben Hanowski.
19:15 of 2nd period - Shot Blocked by Brian Dumoulin.
19:17 of 2nd period - Slapshot by Zach Trotman.
19:17 of 2nd period - Stopped by Allen York with a rebound.
19:19 of 2nd period - Slapshot by Ben Hanowski.
19:19 of 2nd period - Stopped by Allen York without a rebound.
19:20 of 2nd period - Garrett Wilson wins face-off versus Tyler Bozak in Diables zone.
19:23 of 2nd period - Snap shot by Garrett Wilson.
19:23 of 2nd period - Deflect By Ben Hanowski.
19:23 of 2nd period - Shot Blocked by Tyler Bozak.
19:23 of 2nd period - Puck is out of play.
19:24 of 2nd period - Tyler Bozak wins face-off versus Greg Mauldin in Diables zone.
19:31 of 2nd period - Greg Mauldin is hit by Lukas Krajicek and loses puck.
19:56 of 2nd period - Snap shot by Colin Greening.
19:56 of 2nd period - Goal by Colin Greening - Diables : 4 - Tamiflu : 1.
19:57 of 2nd period - Greg Mauldin wins face-off versus Tyler Bozak in neutral zone.
Goals for this period are 2 for Diables vs 1 for Tamiflu.
Shots for this period are 12 for Diables vs 4 for Tamiflu.
3rd period
0:01 of 3rd period - Tyler Bozak wins face-off versus Greg Mauldin in neutral zone.
0:50 of 3rd period - Snap shot by Tomas Kubalik.
0:50 of 3rd period - Stopped by Mike McKenna with a rebound.
0:52 of 3rd period - Snap shot by Matt Jones.
0:52 of 3rd period - Shot Blocked by Colin Greening.
0:54 of 3rd period - Wrist shot by Tomas Kubalik.
0:54 of 3rd period - Shot Misses the Net.
0:56 of 3rd period - Slapshot by Matt Jones.
0:56 of 3rd period - Shot Misses the Net.
1:10 of 3rd period - Snap shot by Louis Leblanc.
1:10 of 3rd period - Shot Blocked by Philip Samuelsson.
1:12 of 3rd period - Snap shot by J.T. Brown.
1:12 of 3rd period - Shot Blocked by Justin Braun.
1:28 of 3rd period - Wrist shot by Philip Samuelsson.
1:28 of 3rd period - Shot Misses the Net.
1:50 of 3rd period - Wrist shot by Nino Niederreiter.
1:50 of 3rd period - Stopped by Allen York without a rebound.
1:51 of 3rd period - Kellan Lain wins face-off versus Adam Henrique in Diables zone.
1:55 of 3rd period - Off-side.
1:56 of 3rd period - Steve Quailer wins face-off versus Greg Mauldin in neutral zone.
2:01 of 3rd period - Snap shot by Pierre-Cédric Labrie.
2:01 of 3rd period - Stopped by Mike McKenna without a rebound.
2:02 of 3rd period - Tyler Bozak wins face-off versus Greg Mauldin in Tamiflu zone.
2:28 of 3rd period - Petr Pohl is hit by Lukas Krajicek and loses puck.
2:35 of 3rd period - Wrist shot by Steve Quailer.
2:35 of 3rd period - Stopped by Mike McKenna without a rebound.
2:36 of 3rd period - Kellan Lain wins face-off versus Adam Henrique in Tamiflu zone.
3:29 of 3rd period - Off-side.
3:30 of 3rd period - Kellan Lain wins face-off versus Greg Mauldin in neutral zone.
3:57 of 3rd period - Lukas Krajicek is hit by Nino Niederreiter and loses puck.
4:14 of 3rd period - Jamie Arniel is hit by Colin Greening and loses puck.
5:04 of 3rd period - Wrist shot by Petr Pohl.
5:04 of 3rd period - Stopped by Allen York with a rebound.
5:08 of 3rd period - Snap shot by Petr Pohl.
5:08 of 3rd period - Stopped by Allen York without a rebound.
5:09 of 3rd period - Tyler Bozak wins face-off versus Adam Henrique in Diables zone.
5:14 of 3rd period - Snap shot by Adam Henrique.
5:14 of 3rd period - Shot Misses the Net.
5:16 of 3rd period - Snap shot by Nino Niederreiter.
5:16 of 3rd period - Goal by Nino Niederreiter - Diables : 4 - Tamiflu : 2.
5:17 of 3rd period - Tyler Bozak wins face-off versus Greg Mauldin in neutral zone.
5:32 of 3rd period - Wrist shot by Greg Mauldin.
5:32 of 3rd period - Stopped by Allen York without a rebound.
5:33 of 3rd period - Adam Henrique wins face-off versus Kellan Lain in Diables zone.
6:05 of 3rd period - Jan Mursak is hit by Tyler Bozak and loses puck.
6:22 of 3rd period - Slapshot by Ben Hanowski.
6:22 of 3rd period - Stopped by Allen York with a rebound.
6:24 of 3rd period - Wrist shot by Garrett Wilson.
6:24 of 3rd period - Stopped by Allen York without a rebound.
6:25 of 3rd period - Kellan Lain wins face-off versus Adam Henrique in Diables zone.
6:40 of 3rd period - Snap shot by Kellan Lain.
6:40 of 3rd period - Shot Misses the Net.
7:20 of 3rd period - Slapshot by Jamie Arniel.
7:20 of 3rd period - Shot Blocked by Ben Hanowski.
7:40 of 3rd period - Slapshot by Pavel Valentenko.
7:40 of 3rd period - Stopped by Mike McKenna without a rebound.
7:41 of 3rd period - Kellan Lain wins face-off versus Greg Mauldin in Tamiflu zone.
7:53 of 3rd period - Snap shot by Steve Quailer.
7:53 of 3rd period - Shot Misses the Net.
7:55 of 3rd period - Snap shot by Steve Quailer.
7:55 of 3rd period - Stopped by Mike McKenna without a rebound.
7:56 of 3rd period - Rich Clune wins face-off versus Tyler Bozak in Tamiflu zone.
7:56 of 3rd period - Rich Clune is hit by Damien Brunner.
8:08 of 3rd period - Wrist shot by Damien Brunner.
8:08 of 3rd period - Goal by Damien Brunner - Diables : 5 - Tamiflu : 2.
8:09 of 3rd period - Petr Pohl wins face-off versus Damien Brunner in neutral zone.
8:14 of 3rd period - Wrist shot by Greg Mauldin.
8:14 of 3rd period - Shot Misses the Net.
8:16 of 3rd period - Snap shot by Jan Mursak.
8:16 of 3rd period - Shot Misses the Net.
8:24 of 3rd period - Wrist shot by Petr Pohl.
8:24 of 3rd period - Stopped by Allen York with a rebound.
8:34 of 3rd period - Adam Henrique is hit by Lukas Krajicek.
8:58 of 3rd period - Garrett Wilson is hit by Patrick Maroon and loses puck.
9:13 of 3rd period - Zach Trotman is hit by Taylor Beck and loses puck.
10:02 of 3rd period - Steve Quailer is hit by Nino Niederreiter and loses puck.
10:25 of 3rd period - Slapshot by Jordan Hendry.
10:25 of 3rd period - Deflect By Dustin Kohn.
10:25 of 3rd period - Stopped by Allen York with a rebound.
10:41 of 3rd period - Slapshot by Petr Pohl.
10:41 of 3rd period - Stopped by Allen York with a rebound.
10:43 of 3rd period - Wrist shot by Petr Pohl.
10:43 of 3rd period - Stopped by Allen York with a rebound.
10:45 of 3rd period - Wrist shot by Petr Pohl.
10:45 of 3rd period - Stopped by Allen York with a rebound.
10:47 of 3rd period - Slapshot by Justin Braun.
10:47 of 3rd period - Deflect By Dustin Kohn.
10:47 of 3rd period - Stopped by Allen York with a rebound.
10:49 of 3rd period - Slapshot by Petr Pohl.
10:49 of 3rd period - Shot Misses the Net.
11:43 of 3rd period - Slapshot by Josh Meyers.
11:43 of 3rd period - Stopped by Mike McKenna without a rebound.
11:44 of 3rd period - Louis Leblanc wins face-off versus Greg Mauldin in Tamiflu zone.
11:51 of 3rd period - Zach Trotman is hit by J.T. Brown and loses puck.
11:58 of 3rd period - Greg Mauldin is hit by Josh Meyers and loses puck.
12:23 of 3rd period - Slapshot by Jordan Hendry.
12:23 of 3rd period - Shot Blocked by J.T. Brown.
12:31 of 3rd period - Slapshot by Jan Mursak.
12:31 of 3rd period - Stopped by Allen York with a rebound.
13:12 of 3rd period - Slapshot by Petr Pohl.
13:12 of 3rd period - Deflect By Jan Mursak.
13:12 of 3rd period - Shot Blocked by Pavel Valentenko.
13:12 of 3rd period - Puck is out of play.
13:13 of 3rd period - Tyler Bozak wins face-off versus Adam Henrique in Diables zone.
13:47 of 3rd period - Wrist shot by Colin Greening.
13:47 of 3rd period - Goal by Colin Greening - Diables : 5 - Tamiflu : 3.
13:48 of 3rd period - Adam Henrique wins face-off versus Tyler Bozak in neutral zone.
14:24 of 3rd period - Snap shot by Garrett Wilson.
14:24 of 3rd period - Stopped by Allen York with a rebound.
14:38 of 3rd period - Wrist shot by Jamie Arniel.
14:38 of 3rd period - Shot Misses the Net.
14:49 of 3rd period - Minor Penalty to Josh Meyers for Holding.
14:50 of 3rd period - Brett Maclean wins face-off versus Greg Mauldin in Diables zone.
15:06 of 3rd period - Slapshot by Petr Pohl.
15:06 of 3rd period - Goal by Petr Pohl - Diables : 5 - Tamiflu : 4.
15:07 of 3rd period - Tyler Bozak wins face-off versus Greg Mauldin in neutral zone.
15:12 of 3rd period - Slapshot by Dustin Kohn.
15:12 of 3rd period - Stopped by Mike McKenna with a rebound.
15:14 of 3rd period - Wrist shot by Brett Maclean.
15:14 of 3rd period - Shot Blocked by Jordan Hendry.
15:32 of 3rd period - Garrett Wilson is hit by Jamie Arniel.
16:15 of 3rd period - Wrist shot by Brett Maclean.
16:15 of 3rd period - Shot Misses the Net.
16:17 of 3rd period - Slapshot by Brian Dumoulin.
16:17 of 3rd period - Stopped by Mike McKenna with a rebound.
16:19 of 3rd period - Slapshot by Tyler Bozak.
16:19 of 3rd period - Stopped by Mike McKenna with a rebound.
16:21 of 3rd period - Slapshot by Brian Dumoulin.
16:21 of 3rd period - Shot Blocked by Garrett Wilson.
16:31 of 3rd period - Snap shot by Justin Braun.
16:31 of 3rd period - Stopped by Allen York with a rebound.
16:37 of 3rd period - Jan Mursak is hit by Josh Meyers and loses puck.
17:20 of 3rd period - Icing by Marc-André Bourdon.
17:21 of 3rd period - Damien Brunner wins face-off versus Greg Mauldin in Diables zone.
18:26 of 3rd period - Icing by Lukas Krajicek.
18:27 of 3rd period - Greg Mauldin wins face-off versus Kellan Lain in Diables zone.
19:04 of 3rd period - Tamiflu, Mike McKenna is pulled from the net.
19:20 of 3rd period - Wrist shot by Steve Quailer.
19:20 of 3rd period - Goal by Steve Quailer - Diables : 6 - Tamiflu : 4.
19:20 of 3rd period - Mike McKenna from Tamiflu was sent back in the game.
19:21 of 3rd period - Adam Henrique wins face-off versus Jamie Arniel in neutral zone.
Goals for this period are 2 for Diables vs 3 for Tamiflu.
Shots for this period are 11 for Diables vs 18 for Tamiflu.
Output by the SimonT Hockey Simulator (STHS) for François Prévost -- Original Page W3C XHTML 1.0 Valid